 Dungeon Crawl Stone Soup version 0.29.1-13-g9f3cf754e1 (webtiles) character file.

Game seed: 12974661827998600455

379 TOMEKEK the Ruffian (level 6, -2/52 HPs)
             Began as a Ghoul Gladiator on Jan 20, 2023.
             Slain by Menkaure (20 damage)
             ... on level 4 of the Dungeon.
             The game lasted 00:05:32 (2825 turns).

TOMEKEK the Ruffian (Ghoul Gladiator)               Turns: 2825, Time: 00:05:33

Health: -2/52      AC:  5    Str: 20    XL:     6   Next: 74%
Magic:  5/5        EV: 12    Int:  3    God:
Gold:   317        SH:  5    Dex: 10    Spells: 5/5 levels left

rFire   . . .      SeeInvis .     - Unarmed
rCold   + . .      Faith    .   (no shield)
rNeg    + + +      Spirit   .   a - +0 leather armour
rPois   ∞          Reflect  +   b - +0 helmet
rElec   .          Harm     .   j - +0 cloak
rCorr   .          Rampage  .   (no gloves)
Will    .....                   (no boots)
Stlth   +.........              k - amulet of reflection
HPRegen 0.00/turn               (no ring)
MPRegen 0.09/turn               (no ring)

@: inhibited regen
A: claws 1, cold resistance 1, negative energy resistance 3, inhibited
regeneration, torment resistance 2, devour on kill
a: no special abilities


You were on level 4 of the Dungeon.
You visited 1 branch of the dungeon, and saw 4 of its levels.

You collected 317 gold pieces.

Inventory:

Missiles
 c - 2 throwing nets (quivered)
 d - a javelin
 o - 10 poisoned darts
 p - 6 curare-tipped darts
Armour
 a - a +0 leather armour (worn)
 b - a +0 helmet (worn)
 j - a +0 cloak (worn)
Jewellery
 k - an amulet of reflection (around neck)
 r - a ring of magical power
 v - a +6 ring of intelligence
 w - a ring of flight
Scrolls
 e - 4 scrolls of teleportation {unknown}
 f - 2 scrolls of vulnerability {unknown}
 g - a scroll of acquirement {unknown}
 i - 6 scrolls of identify {unknown}
 q - a scroll of enchant weapon {unknown}
 s - a scroll of immolation {unknown}
 t - a scroll of fog {unknown}
 u - a scroll of magic mapping {unknown}
 x - a scroll of poison {unknown}
 y - a scroll of summoning {unknown}
Potions
 h - 3 potions of attraction {unknown}
 l - 3 potions of flight {unknown}
 m - a potion of degeneration {unknown}
 n - a potion of cancellation {unknown}
 z - a potion of might {unknown}
 A - a potion of curing {unknown}


   Skills:
 + Level 4.2 Fighting
 + Level 3.4 Throwing
 + Level 2.7 Armour
 - Level 2.6 Dodging
 + Level 4.9 Unarmed Combat


You had 5 spell levels left.
You didn't know any spells.
Your spell library contained the following spells:

 Spells                   Type           Power      Damage    Failure   Level
 Ensorcelled Hibernation  Hex/Ice        0%         N/A       71%         2
 Gell's Gravitas          Tloc           0%         N/A       91%         3
 Lesser Beckoning         Tloc           0%         N/A       91%         3
 Mephitic Cloud           Conj/Pois/Air  0%         N/A       91%         3
 Teleport Other           Tloc           0%         N/A       91%         3
 Fulminant Prism          Conj/Hex       0%         3d6       100%        4
 Iron Shot                Conj/Erth      0%         9d1       100%        6


Dungeon Overview and Level Annotations

Branches:
Dungeon (4/15)
 Temple: D:4-7

Altars:

Shops:
D:2 [![

Annotations:
D:4 Menkaure


Innate Abilities, Weirdness & Mutations

You are immune to poison.
You have sharp fingernails.
Your flesh is cold resistant. (rC+)
You are immune to negative energy. (rN+++)
You do not regenerate when monsters are visible.
You are immune to unholy pain and torment.
You thrive by killing the living.


Message History

Found a stone staircase leading up.
The adder bites you but does no damage.
You scratch the adder.
The adder is lightly wounded.
The adder bites you but does no damage. The adder closely misses you.
You miss the adder.
The adder is lightly wounded.
The adder bites you but does no damage.
You claw the adder!
You kill the adder!
No target in view!
No target in view!
An endoplasm comes into view.
The endoplasm quivers.
A kobold comes into view.
It is wielding a +0 whip and quivering poisoned darts.
The endoplasm freezes you.
You are frozen.
You resist.
You claw the endoplasm!
You kill the endoplasm!
The kobold throws a poisoned dart.
The poisoned dart hits you!
Menkaure, Prince of Dust comes into view.
Menkaure mumbles, "It doesn't hurt if you pull your brain out of your nose yourself."
The kobold misses you.
You closely miss the kobold. The kobold hits you with a +0 whip.
You claw the kobold!
You kill the kobold!
Menkaure casts a spell.
Menkaure seems to speed up.
Things that are here:
a +0 whip; 8 poisoned darts You scratch Menkaure.
Menkaure is lightly damaged.
Menkaure hits you!
You claw Menkaure!
Menkaure is heavily damaged.
Menkaure hits you!!
You are too injured to fight recklessly!
You claw Menkaure!
Menkaure is severely damaged.
Menkaure barely misses you. Menkaure hits you!!
You die...

#.)..###.#
##<######.##.###.######
#......................
...####.#####.###....†..
........# #.# ########
...####.# ..# #.# ###
#.# #@# .......M.....#
#######.###..# #.# # ..#
###


You could see Menkaure (fast).

Vanquished Creatures
  Eustachio (D:4)
  A scorpion (D:4)
  An orc wizard (D:3)
  10 adders
  A worm (D:3)
  A dart slug (D:1)
  3 orcs
  5 ball pythons
  6 bats
  7 endoplasms
  3 goblins
  8 hobgoblins
  2 jackals (D:3)
  A quokka (D:3)
  3 frilled lizards
  6 kobolds
  10 rats
69 creatures vanquished.

Vanquished Creatures (others)
  A plant (D:3)
1 creature vanquished.

Grand Total: 70 creatures vanquished

Notes
Turn   | Place    | Note
-------+----------+-------------------------------------------
     0 | D:1      | TOMEKEK the Ghoul Gladiator began the quest for the Orb.
     0 | D:1      | Reached XP level 1. HP: 17/17 MP: 0/0
   499 | D:1      | Reached XP level 2. HP: 25/25 MP: 1/1
   535 | D:1      | Found a faded altar of an unknown god.
  1165 | D:2      | Found Eplagoum's Antique Armour Emporium.
  1175 | D:2      | Reached XP level 3. HP: 30/30 MP: 2/2
  1175 | D:2      | Got the Directory of Hiemal Damage Dealing
  1239 | D:2      | Reached skill level 1 in Armour
  1497 | D:2      | Found Uczadghe's Distillery.
  1516 | D:2      | Reached XP level 4. HP: 34/38 MP: 3/3
  1553 | D:2      | Found Kasuuh's Armour Shoppe.
  1800 | D:3      | Reached XP level 5. HP: 43/45 MP: 4/4
  2569 | D:4      | Noticed Eustachio
  2581 | D:4      | Reached XP level 6. HP: 52/52 MP: 5/5
  2621 | D:4      | Killed Eustachio
  2817 | D:4      | Noticed Menkaure
  2825 | D:4      | Slain by Menkaure

Illustrated notes

Levels and vault maps discovered:
D:1:      tarquinn_simple_flora_water_e, layout_loops_corners,
          hellmonk_ecumenical_altar_prayer_group
D:2:      layout_rooms, serial_shops, nicolae_shop_trees, shop,
          nicolae_shop_hallway_plus, basic_altar
D:3:      layout_rooms, chequers_big_river, hex_large
D:4:      layout_loops_ring, minmay_temple_entry_junction, uniq_eustachio,
          uniq_blork_the_orc, uniq_menkaure

Skill      XL: |  1  2  3  4  5  6 |
---------------+-------------------+-----
Throwing       | 2 3 |  3.4
Armour         | 1 2 |  2.7
Fighting       | 3 4 |  4.2
Unarmed Combat | 4 |  4.9
Dodging        | |  2.6

Action                   |  1- 3 |  4- 6 || total
-------------------------+-------+-------++-------
Melee: Unarmed           |    99 |    89 ||   188
       Punch             |     2 |     2 ||     4
Throw: Throwing net      |       |     3 ||     3
Armor: Leather armour    |    21 |    27 ||    48
Dodge: Dodged            |    61 |    46 ||   107
Block: Other             |    26 |    17 ||    43
       Reflection        |     1 |       ||     1
